Map: 16-Bit LE

Players

Zavoky - Winner!

  • Race: Zerg Zerg
  • League: Diamond
  • Spawn Location: 1:00

MrMeeseeks

  • Race: Zerg Zerg
  • League: Diamond
  • Spawn Location: 7:00

VOD

Have the link to the VOD?

Description

~30 min

Time

  • Played on: July 9, 2018, 8:14 p.m.
  • Length: 34:09
Show
View Real Time Build Order
Export as new Build Order

Zavoky Zerg - Winner!

Build Orders: Pool First 

Get SALT Encoding   

  12  0:01  Drone  
  13  0:14  Extractor  
  12  0:26  Spawning Pool  
  11  0:29  Drone  
  11  0:34  Drone  
  13  0:40  Drone  
  14  0:51  Overlord  
  14  1:13  Zergling x6  
  14  1:18  Metabolic Boost  
  17  1:25  Zergling x2  
  18  1:35  Zergling x2  
  19  1:53  Hatchery  
  19  1:54  Zergling x2  
  19  1:58  Zergling x2  
  20  2:11  Queen  
  22  2:16  Overlord  
  22  2:42  Drone x3  
  20  2:51  Queen  
  22  2:59  Drone  
  22  3:04  Drone  
  24  3:09  Drone  
  24  3:15  Drone  
  25  3:21  Drone x2  
  25  3:27  Spine Crawler x2  
  25  3:35  Drone x4  
  29  3:44  Drone  
  30  3:52  Overlord  
  29  3:58  Drone x2  
  31  4:08  Drone x3  
  31  4:09  Drone  
  35  4:14  Overlord  
  35  4:19  Overlord  
  35  4:22  Overlord  
  35  4:29  Drone  
  35  4:30  Extractor, Drone x3  
  38  4:38  Evolution Chamber  
  37  4:43  Roach Warren  
  36  4:47  Drone x4  
  36  4:51  Extractor  
  39  4:57  Overlord  
  39  4:58  Overlord  
  39  5:00  Drone x2  
  39  5:01  Drone  
  39  5:04  Zerg Missile Weapons Level 1  
  42  5:12  Drone x2  
  44  5:26  Drone x2  
  46  5:29  Hatchery  
  46  5:32  Roach  
  46  5:33  Roach x4  
  55  5:42  Overlord  
  55  5:43  Overlord  
  56  5:57  Zergling x2  
  56  6:03  Roach x3  
  56  6:04  Roach x4  
  70  6:15  Roach x2  
  74  6:22  Roach  
  76  6:27  Lair  
  76  6:29  Spore Crawler  
  76  6:31  Spore Crawler  
  74  6:45  Drone  
  74  6:46  Drone x8  
  83  6:56  Drone x2  
  83  6:57  Drone, Queen  
  88  7:02  Zerg Ground Armor Level 1  
  88  7:04  Drone x2  
  90  7:17  Drone x4  
  90  7:18  Drone x5  
  90  7:20  Extractor  
  98  7:23  Extractor, Drone  
  98  7:26  Drone  
  98  7:29  Drone  
  100  7:30  Glial Reconstitution  
  100  7:36  Hydralisk Den  
  99  7:43  Extractor  
  99  7:44  Drone x2  
  99  7:46  Overlord  
  99  7:47  Overlord  
  99  7:48  Overlord  
  99  7:49  Overlord  
  100  7:58  Evolution Chamber  
  99  8:08  Hydralisk  
  99  8:09  Hydralisk x8  
  117  8:13  Grooved Spines  
  117  8:18  Unknown  
  117  8:19  Unknown  
  117  8:35  Extractor  
  117  8:36  Hatchery  
  117  8:38  Overlord x2  
  115  8:50  Roach x5  
  115  8:51  Roach x6  
  115  8:55  Zerg Missile Weapons Level 2  
  137  8:56  Zerg Ground Armor Level 2  
  137  9:01  Extractor, Pneumatized Carapace  
  136  9:04  Spore Crawler  
  136  9:09  Overlord x2, Drone x3  
  138  9:10  Overlord  
  138  9:23  Drone  
  138  9:24  Drone x2  
  141  9:25  Muscular Augments  
  141  9:26  Hydralisk x5  
  151  9:50  Roach x8  
  167  9:58  Queen  
  169  10:01  Hydralisk x5  
  169  10:03  Overlord  
  180  10:07  Overseer, Ravager  
  180  10:08  Overseer  
  157  10:33  Infestation Pit, Drone x8  
  157  10:35  Overlord x4  
  164  10:47  Drone x3  
  167  10:52  Unknown x5  
  167  10:53  Unknown  
  93  11:13  Hydralisk  
  93  11:14  Hydralisk x16  
  127  11:26  Hive  
  127  11:44  Nydus Network  
  126  11:54  Roach  
  126  11:55  Roach x12  
  152  12:25  Hydralisk x3  
  152  12:26  Hydralisk x9  
  176  12:56  Nydus Canal  
  164  13:07  Hydralisk  
  164  13:08  Hydralisk x16  
  198  14:05  Spire  
  198  14:08  Overlord x2  
  197  14:23  Overlord x2  
  197  14:25  Overseer x3  
  197  14:44  Nydus Canal  
  197  15:17  Zerg Missile Weapons Level 3, Zerg Ground Armor Level 3  
  197  15:20  Greater Spire  
  189  16:09  Corruptor x2  
  189  16:10  Corruptor x3  
  199  16:15  Unknown x14  
  199  16:16  Unknown x15  
  199  16:18  Corruptor x2  
  196  16:19  Corruptor x2  
  199  17:04  Overseer x2  
  183  17:12  Brood Lord x8  
  183  17:13  Brood Lord  
  161  18:05  Hydralisk  
  161  18:06  Hydralisk x18  
  199  18:14  Hatchery  
  195  18:27  Hatchery  
  142  18:35  Hydralisk  
  142  18:36  Hydralisk x23  
  142  18:37  Hydralisk x13  
  180  19:09  Corruptor x2  
  180  19:10  Corruptor x4  
  180  19:13  Overlord x3  
  180  19:14  Overlord  
  192  19:39  Overlord x7  
  192  19:40  Overlord x2  
  192  19:43  Hydralisk x4  
  144  20:07  Hydralisk x11  
  144  20:08  Hydralisk x12  
  177  20:37  Overseer x3  
  177  20:38  Overseer x5  
  177  20:41  Brood Lord x2  
  177  20:42  Brood Lord  
  179  21:11  Brood Lord x3  
  185  21:36  Hydralisk x4  
  185  21:37  Hydralisk x2  
  131  22:09  Corruptor x3  
  131  22:10  Corruptor x5  
  147  22:22  Extractor  
  146  22:23  Extractor  
  145  22:32  Nydus Canal  
  125  23:01  Overseer x2  
  123  23:07  Hydralisk x2  
  123  23:08  Hydralisk x10  
  117  23:38  Hydralisk  
  117  23:39  Hydralisk x3  
  111  24:06  Extractor x2  
  109  24:11  Hydralisk Den  
  104  24:37  Brood Lord  
  101  25:03  Brood Lord x2  
  96  25:28  Overlord x4  
  89  26:25  Spawning Pool  
  80  27:19  Lair  
  80  27:27  Zergling x6  
  28  28:14  Roach Warren  
  28  28:15  Zergling x6  
  28  28:16  Queen  
  28  28:33  Overseer  
  28  28:39  Overseer  
  28  28:45  Zergling x4  
  30  28:52  Queen  
  32  28:56  Roach  
  32  29:02  Hatchery  
  33  29:15  Roach  
  33  29:16  Roach  
  37  29:28  Roach x4  
  45  29:36  Roach  
  43  30:01  Roach x2  
  43  30:02  Roach x3  
  46  30:15  Roach x2  
  50  30:28  Roach x2  
  54  30:47  Zergling x2  
  54  30:48  Zergling x12  
  42  31:20  Overlord x2  
  42  31:21  Roach  
  42  31:22  Roach x9  
  62  31:46  Ravager x7  
  67  31:52  Overseer x2  
  67  31:53  Overseer  
  67  32:16  Roach  
  67  32:17  Roach x9  
  84  32:45  Roach  
  84  32:46  Roach x5  
  96  32:56  Roach x5  
  96  32:57  Roach  
  108  33:22  Overlord  
  108  33:23  Overlord x4  
Show
View Real Time Build Order
Export as new Build Order

MrMeeseeks Zerg 

Build Orders: Hatch First, Lurkers 

Get SALT Encoding   

  12  0:01  Drone  
  13  0:13  Overlord  
  13  0:18  Drone  
  14  0:31  Drone x2  
  16  0:36  Drone  
  17  0:55  Hatchery  
  16  0:59  Drone  
  17  1:12  Spawning Pool  
  17  1:15  Drone  
  18  1:18  Drone  
  18  1:22  Drone  
  19  1:36  Overlord  
  19  2:00  Spine Crawler, Queen  
  20  2:05  Zergling x6  
  23  2:11  Spine Crawler  
  22  2:19  Zergling x4  
  24  2:35  Queen  
  25  2:40  Zergling x2  
  25  2:41  Zergling x4  
  24  2:57  Drone x2  
  26  2:59  Extractor  
  25  3:10  Queen  
  25  3:12  Drone  
  28  3:17  Drone x2  
  30  3:26  Drone x2  
  32  3:31  Extractor  
  31  3:41  Overlord  
  31  3:42  Overlord  
  30  4:03  Drone x6  
  36  4:13  Drone  
  36  4:14  Drone  
  36  4:15  Drone  
  39  4:19  Drone  
  39  4:22  Drone  
  41  4:31  Lair  
  41  4:35  Drone  
  41  4:36  Drone  
  43  4:38  Drone  
  44  4:48  Evolution Chamber  
  44  4:50  Evolution Chamber  
  42  4:59  Roach Warren  
  41  5:11  Drone x3  
  41  5:13  Overlord x2  
  44  5:15  Overlord  
  44  5:20  Extractor  
  43  5:22  Extractor  
  42  5:31  Hydralisk Den  
  41  5:41  Hatchery  
  40  5:51  Drone x3  
  40  5:52  Drone x4  
  47  6:15  Lurker Den  
  47  6:16  Zerg Missile Weapons Level 1, Zerg Ground Armor Level 1  
  47  6:17  Drone  
  47  6:18  Drone  
  48  6:21  Overseer  
  48  6:24  Drone  
  48  6:25  Drone  
  50  6:26  Drone  
  50  6:28  Drone  
  50  6:31  Drone  
  53  6:33  Drone  
  53  6:39  Hydralisk  
  53  6:42  Hydralisk  
  54  6:47  Hydralisk  
  54  6:51  Hydralisk  
  58  6:57  Hydralisk x2  
  62  7:15  Hydralisk  
  64  7:41  Lurker x6  
  70  7:47  Drone  
  70  7:48  Drone x2  
  70  7:49  Overlord x4, Infestation Pit  
  72  7:59  Lurker  
  72  8:00  Overlord x4  
  72  8:03  Extractor  
  72  8:04  Drone  
  72  8:05  Extractor, Drone  
  73  8:07  Drone  
  73  8:08  Overseer, Drone x2  
  73  8:11  Pneumatized Carapace  
  76  8:39  Hydralisk x5  
  76  8:40  Hydralisk x3  
  92  8:45  Drone x8  
  100  8:52  Queen  
  100  8:53  Drone x2  
  104  9:03  Spore Crawler  
  104  9:06  Spore Crawler  
  104  9:07  Spore Crawler, Hive  
  101  9:46  Hydralisk x3  
  101  9:47  Hydralisk  
  101  9:50  Hydralisk x2  
  101  9:52  Lurker x3  
  116  10:02  Lurker  
  116  10:04  Lurker x2  
  116  10:06  Overlord x3  
  119  10:07  Overlord  
  109  10:29  Viper  
  109  10:30  Viper x3  
  109  10:32  Overlord x3  
  121  10:41  Spore Crawler, Drone x7  
  127  10:44  Spore Crawler x4  
  127  10:46  Overseer x2  
  127  10:47  Spore Crawler, Overseer x2  
  105  11:23  Drone, Evolution Chamber  
  105  11:24  Drone x7  
  105  11:25  Evolution Chamber  
  111  11:28  Evolution Chamber x2  
  111  11:29  Evolution Chamber  
  111  11:32  Overlord x2  
  108  11:36  Hatchery  
  107  11:42  Hydralisk x3  
  107  11:43  Hydralisk  
  107  11:46  Nydus Network  
  107  11:47  Spore Crawler, Nydus Network  
  113  11:49  Spore Crawler  
  113  11:51  Spore Crawler, Nydus Network  
  109  11:55  Drone x2  
  109  12:00  Spore Crawler  
  111  12:30  Drone x14  
  111  12:32  Queen  
  126  12:44  Drone x3  
  129  13:00  Adaptive Talons  
  129  13:05  Hydralisk x3  
  129  13:06  Viper x3  
  129  13:07  Viper x2  
  129  13:09  Hydralisk x2  
  149  13:53  Overseer x4  
  149  14:07  Hatchery  
  148  14:12  Extractor  
  148  14:13  Extractor  
  148  14:15  Hydralisk x4  
  148  14:16  Hydralisk x2  
  158  14:28  Spore Crawler, Drone  
  158  14:29  Drone x7  
  158  14:30  Spore Crawler  
  164  14:32  Spore Crawler x2  
  164  14:33  Spore Crawler  
  164  14:36  Spore Crawler  
  160  14:38  Spore Crawler  
  159  14:52  Spore Crawler  
  158  14:54  Drone x5  
  158  14:55  Drone  
  158  14:59  Spore Crawler  
  163  15:00  Spore Crawler  
  163  15:03  Spore Crawler  
  145  15:19  Hydralisk x2  
  145  15:20  Hydralisk x6  
  145  15:21  Hydralisk  
  151  15:24  Lurker  
  151  15:25  Lurker x7  
  151  15:27  Viper  
  164  15:53  Hatchery  
  163  16:36  Hydralisk x4  
  171  16:42  Nydus Canal  
  171  16:44  Nydus Canal  
  159  17:13  Nydus Canal  
  156  17:16  Nydus Canal  
  147  17:27  Hydralisk x4  
  147  17:28  Hydralisk x5  
  153  17:31  Lurker x4  
  157  17:38  Queen x3  
  163  17:50  Evolution Chamber  
  162  17:52  Evolution Chamber  
  162  17:55  Evolution Chamber  
  160  18:01  Nydus Canal  
  160  18:04  Hatchery  
  159  18:18  Spore Crawler  
  159  18:19  Spore Crawler x2  
  156  18:20  Spore Crawler  
  125  18:42  Viper x3  
  125  18:43  Viper x3  
  125  18:44  Hydralisk  
  145  19:06  Zerg Ground Armor Level 2, Zerg Missile Weapons Level 2  
  145  19:28  Hydralisk x4  
  145  19:29  Hydralisk x4  
  161  19:31  Lurker  
  161  19:32  Lurker x4  
  161  19:38  Drone x15  
  172  19:39  Drone x3  
  172  19:40  Drone x3  
  183  20:17  Hydralisk x4  
  191  20:31  Unknown  
  175  20:42  Hydralisk  
  175  20:43  Hydralisk x7  
  182  21:00  Hydralisk x4  
  184  21:09  Hydralisk x2  
  177  21:30  Spore Crawler  
  132  22:08  Hydralisk  
  132  22:09  Hydralisk x17  
  168  22:22  Hydralisk x2  
  168  22:23  Hydralisk  
  174  22:39  Hatchery  
  152  23:23  Hydralisk x6  
  164  23:44  Overlord  
  164  23:45  Overlord x2  
  148  24:27  Hatchery  
  144  24:47  Hatchery  
  131  24:55  Hydralisk x2  
  135  25:11  Hydralisk x4  
  143  25:17  Nydus Canal  
  137  25:58  Lurker x4  
  107  28:09  Hydralisk x5  
  106  28:41  Hatchery  
  105  29:03  Viper x4  
  99  30:18  Hydralisk x5  
  99  30:19  Hydralisk x2  
  113  30:36  Extractor  
  113  30:37  Extractor  
  111  30:53  Hatchery  
  78  31:24  Queen x2  
  78  31:25  Queen  
  82  31:46  Hydralisk x5  
  92  31:48  Zergling x8  
  96  31:58  Metabolic Boost  
  67  33:18  Zergling x18  
  67  33:19  Zergling x24  
  86  33:28  Hydralisk x2  
  90  33:39  Extractor  
  89  33:41  Unknown x5  
  89  33:43  Extractor  
  89  33:47  Unknown  
Tags
 
Composition
Lurkers
Matchup
ZvZ
Race
Zerg
Spawn Locations
Cross Positions
Add a new tag
Caveats
  • Supply blocks, unpowered buildings, or Contaminate may cause inaccurate times.
  • Supply counts are checked every 10 seconds.